 Dungeon Crawl Stone Soup version 0.31.0-32-g396128a36d (webtiles) character file.

Game seed: 1176508052319643131

16633 Liamsmithers the Warrior (level 12, -5/107 HPs)
             Began as a Minotaur Fighter on Mar 26, 2024.
             Was a High Priest of Hepliaklqana.
             Slain by a slime creature (15 damage)
             ... on level 12 of the Dungeon.
             The game lasted 00:20:27 (13326 turns).

Liamsmithers the Warrior (Minotaur Fighter)        Turns: 13326, Time: 00:20:27

Health: -5/107     AC: 11    Str: 22    XL:     12   Next: 11%
Magic:  15/15      EV:  9    Int:  5    God:    Hepliaklqana [*****.]
Gold:   753        SH:  5    Dex: 14    Spells: 11/11 levels left

rFire   + . .        t - +9 lance "Wyrmbane" {slay drac, rPois rF+ rC+ AC+3}
rCold   + . .        c - +0 buckler
rNeg    . . .        b - +1 scale mail
rPois   +            (helmet restricted)
rElec   .            (no cloak)
rCorr   .            (no gloves)
SInv    .            (no boots)
Will    .....        (no amulet) Stlth
                     (no ring)
HPRegen 0.37/turn    (no ring)
MPRegen 0.14/turn

%: no passive effects
@: no status effects
A: reduced essence, horns 2, retaliatory headbutt
a: Renounce Religion, Recall Ancestor, Ancestor Identity, Transference, Idealise


You were on level 12 of the Dungeon.
You worshipped Hepliaklqana.
Hepliaklqana was extremely pleased with you.
You visited 1 branch of the dungeon, and saw 12 of its levels.

You collected 753 gold pieces.

Inventory:

Hand Weapons
 a - a +0 long sword
 t - the +9 lance "Wyrmbane" (weapon) {slay drac, rPois rF+ rC+ AC+3}
   (You took it off Maggie on level 10 of the Dungeon)

   AC+3:      It affects your AC (+3).
   rF+:       It protects you from fire.
   rC+:       It protects you from cold.
   rPois:     It protects you from poison
 y - a +2 long sword
 F - a +3 scimitar of flaming
Armour
 b - a +1 scale mail (worn)
 c - a +0 buckler (worn)
 I - a +2 robe of willpower
Jewellery
 D - a +6 ring of intelligence
 G - a +4 ring of slaying
Wands
 o - a wand of charming (12)
 A - a wand of acid (7)
 C - a wand of iceblast (24)
 H - a wand of mindburst (12)
Scrolls
 d - a scroll of poison
 g - 2 scrolls of fog
 h - 2 scrolls of revelation
 i - 3 scrolls of torment
 k - a scroll of vulnerability
 l - 4 scrolls of teleportation
 n - 5 scrolls of fear
 s - 5 scrolls of identify
 x - a scroll of amnesia
 B - a scroll of enchant weapon
 J - a scroll of noise {unknown}
Potions
 e - 6 potions of curing
 f - 2 potions of brilliance {unknown}
 j - 4 potions of heal wounds
 m - 3 potions of lignification {unknown}
 p - 2 potions of attraction {unknown}
 q - 2 potions of enlightenment {unknown}
 u - 3 potions of cancellation {unknown}
 v - 2 potions of invisibility {unknown}
 w - a potion of berserk rage {unknown}
 z - a potion of haste {unknown}
 E - a potion of resistance {unknown}


   Skills:
 - Level 15.0 Fighting
 - Level 14.0 Long Blades
 + Level 10.0 Polearms
 - Level 4.6 Armour
 - Level 3.6 Shields
 - Level 6.0 Invocations


You had 11 spell levels left.
You didn't know any spells.
Your spell library contained the following spells:

 Spells                   Type           Power      Damage    Failure   Level
 Apportation              Tloc           0%         N/A       86%         1
 Magic Dart               Conj           0%         1d3       86%         1
 Necrotise                Necr           0%         1d4       86%         1
 Sting                    Conj/Alch      0%         1d3       86%         1
 Summon Small Mammal      Summ           0%         N/A       86%         1
 Blink                    Tloc           0%         N/A       94%         2
 Call Imp                 Summ           0%         N/A       94%         2
 Ensorcelled Hibernation  Hex/Ice        0%         N/A       94%         2
 Jinxbite                 Hex            0%         N/A       94%         2
 Fugue of the Fallen      Necr           0%         N/A       99%         3
 Gell's Gravitas          Tloc           0%         N/A       99%         3
 Passwall                 Erth           0%         N/A       99%         3
 Swiftness                Air            0%         N/A       99%         3
 Teleport Other           Tloc           0%         N/A       99%         3
 Anguish                  Hex/Necr       0%         N/A       100%        4
 Alistair's Intoxication  Alch           0%         N/A       100%        5
 Yara's Violent Unravell  Hex/Alch       0%         3d3       100%        5
 Dispersal                Tloc           0%         N/A       100%        6
 Enfeeble                 Hex            0%         N/A       100%        7


Dungeon Overview and Level Annotations

Branches:
Dungeon (12/15)            Temple (0/1) D:7            Lair (0/5) D:9
    Orc (0/2) D:10

Altars:
Dithmenos
Fedhas
Gozag
Hepliaklqana
Kikubaaqudgha
Sif Muna
Vehumet
Wu Jian
Xom
Zin

Shops:
D:7 (   D:9 **   D:12 *

Annotations:
D:6 3 runed translucent doors, bigdog255's ghost, novice OpSu


Innate Abilities, Weirdness & Mutations

Your life essence is reduced to manifest your ancestor. (-10% HP)
You have a pair of horns on your head.
You reflexively headbutt those who attack you in melee.


Message History

The large slime creature is severely wounded.
The slime creature hits you. The large slime creature hits you!!
Unknown command.
You puncture the large slime creature! You headbutt the large slime creature!
The large slime creature is almost dead.
The large slime creature hits you.
You puncture the large slime creature!
You kill the large slime creature!
The slime creature hits you!
Your Polearms skill increases to level 10!
The large slime creature barely misses you.
The slime creature completely misses you.
You see here a komodo dragon corpse.
Unknown command.
The large slime creature attacks as it pursues you!
The large slime creature barely misses you.
You furiously retaliate!
You headbutt the large slime creature! The boulder beetle hits you.
* * * LOW HITPOINT WARNING * * *
The boulder beetle stops rolling and uncurls.
The slime creature barely misses you. You furiously retaliate!
You headbutt the slime creature!
You hit the boulder beetle but do no damage.
The large slime creature hits you!!
* * * LOW HITPOINT WARNING * * *
The boulder beetle bites you.
* * * LOW HITPOINT WARNING * * *
The slime creature hits you but does no damage.
You hit the boulder beetle but do no damage.
You headbutt the boulder beetle.
The boulder beetle is lightly wounded.
You block the large slime creature's attack.
Unknown command.
You hit the boulder beetle but do no damage.
You headbutt the boulder beetle, but do no damage.
The boulder beetle is lightly wounded.
The boulder beetle leaps!
You block the slime creature's attack.
Unknown command.
A large slime creature splits.
The slime creature hits you!
You die...

......... ......... ###
#........ ##.# #........
##..# #........ ##...#
#........
##....#####........
##.......JJ.....#
##........J@....##
##...............#
##................##
##..................#
##................B....
##.......................
#.#####..................
..# #....###..........
..# #...## ##........


You could see a boulder beetle and 3 slime creatures.

Vanquished Creatures
  Erolcha (D:11)
  A centaur warrior (D:8)
  A cyclops (D:9)
  A black mamba (shapeshifter) (D:11)
  A slime creature (D:12)
  A komodo dragon (D:12)
  3 trolls
  A shadow (D:11)
  2 wraiths
  7 yaks
  4 steam dragons
  4 vampire mosquitoes
  Menkaure (D:6)
  2 water moccasins
  A black bear (D:6)
  2 ice beasts
  3 orc warriors
  4 centaurs
  2 wolves (D:9)
  A phantom (D:5)
  4 kobold brigands
  3 bullfrogs
  2 scorpions
  8 wights
  5 killer bees
  3 howler monkeys
  A bombardier beetle (D:5)
  2 hounds
  2 jellies
  A gnoll bouda (D:5)
  5 orc priests
  5 iguanas
  4 orc wizards
  4 gnolls (D:2)
  6 adders
  An ufetubus (D:6)
  A ribbon worm (D:5)
  2 dart slugs (D:1)
  18 orcs
  7 ball pythons
  8 endoplasms
  8 giant cockroaches
  15 goblins
  7 hobgoblins
  4 jackals (D:2)
  15 kobolds
  A quokka (D:5)
  4 bats
  5 frilled lizards
  6 rats
200 creatures vanquished.

Vanquished Creatures (collateral kills)
  Snorg (D:10)
  A centaur warrior (D:11)
  Erica (D:8)
  A two-headed ogre (D:10)
  Joseph (D:9)
  An unseen horror (D:11)
  Maggie (D:10)
  A troll (D:12)
  2 wraiths (D:11)
  2 shadows
  Sigmund (D:6)
  6 yaks
  4 wyverns
  A warg (D:9)
  A steam dragon (D:6)
  2 water moccasins
  A sky beast (D:7)
  A centaur (D:9)
  A phantom (D:6)
  3 kobold brigands
  A bullfrog (D:8)
  A wight (D:6)
  4 killer bees
  3 howler monkeys
  A bombardier beetle (D:5)
  A jelly (D:7)
  2 hounds
  3 orc priests
  An iguana (D:4)
  5 orc wizards
  3 gnolls (D:6)
  A shadow imp (D:6)
  A white imp (D:6)
  3 ufetubi
  A ribbon worm (D:5)
  18 orcs
  A giant cockroach (D:4)
  A goblin (D:4)
  17 kobolds
101 creatures vanquished.

Vanquished Creatures (others)
  A black bear (D:6)
  A centaur (D:6)
  A scorpion (D:6)
  9 battlemagi
  An ancestor (D:4)
13 creatures vanquished.

Grand Total: 314 creatures vanquished

Notes
Turn   | Place    | Note
-------+----------+-------------------------------------------
     0 | D:1      | Liamsmithers the Minotaur Fighter began the quest for the
                  | Orb.
     0 | D:1      | Reached XP level 1. HP: 19/19 MP: 0/0
   209 | D:1      | Reached XP level 2. HP: 26/26 MP: 1/1
   864 | D:1      | Reached XP level 3. HP: 31/31 MP: 2/2
  1430 | D:2      | Reached skill level 5 in Long Blades
  1587 | D:2      | Reached XP level 4. HP: 25/39 MP: 3/3
  2123 | D:3      | Noticed a kobold brigand
  2125 | D:3      | Found a faded altar of an unknown god.
  2135 | D:3      | Killed a kobold brigand
  2136 | D:3      | Reached XP level 5. HP: 45/45 MP: 4/4
  2136 | D:3      | Found a hazy altar of Hepliaklqana.
  2144 | D:3      | Became a worshipper of Hepliaklqana the Forgotten
  3009 | D:4      | Reached * piety under Hepliaklqana
  3343 | D:4      | Reached XP level 6. HP: 45/45 MP: 5/5
  3669 | D:5      | Entered Level 5 of the Dungeon
  3889 | D:5      | Reached XP level 7. HP: 16/51 MP: 6/6
  4093 | D:5      | Reached ** piety under Hepliaklqana
  4095 | D:5      | Remembered your ancestor Yayatum as a battlemage
  4108 | D:5      | Reached skill level 10 in Long Blades
  4280 | D:6      | Found a shimmering altar of Xom.
  4281 | D:6      | Noticed Sigmund
  4451 | D:6      | Killed Sigmund
  4452 | D:6      | Reached XP level 8. HP: 47/57 MP: 7/7
  5067 | D:6      | Reached skill level 4 in Fighting
  5067 | D:6      | Reached XP level 9. HP: 47/64 MP: 8/8
  5074 | D:6      | Reached skill level 5 in Fighting
  5228 | D:6      | Reached skill level 6 in Fighting
  5302 | D:6      | Found a runed translucent gate.
  5302 | D:6      | Noticed bigdog255's ghost (novice OpSu)
  5303 | D:6      | Found a runed translucent gate.
  5304 | D:6      | Found a runed translucent gate.
  5538 | D:6      | Noticed Menkaure
  5543 | D:6      | Killed Menkaure
  5546 | D:6      | Reached skill level 7 in Fighting
  5686 | D:6      | Found a radiant altar of Vehumet.
  5686 | D:6      | Found an opulent altar of Gozag.
  5694 | D:6      | Found an ancient bone altar of Kikubaaqudgha.
  5696 | D:6      | Found a blossoming altar of Fedhas.
  5698 | D:6      | Found an ornate altar of the Wu Jian Council.
  6045 | D:7      | Reached skill level 8 in Fighting
  6104 | D:7      | Reached *** piety under Hepliaklqana
  6132 | D:7      | Found Lalesmem's Antique Weapon Emporium.
  6466 | D:7      | Reached skill level 9 in Fighting
  6467 | D:7      | Found a staircase to the Ecumenical Temple.
  6590 | D:7      | Found a shimmering blue altar of Sif Muna.
  6694 | D:7      | Identified the +2 robe of Levity {rElec rC+ Int+4}
  6832 | D:8      | Noticed a centaur warrior
  6846 | D:8      | Killed a centaur warrior
  6847 | D:8      | Reached skill level 10 in Fighting
  6847 | D:8      | Reached XP level 10. HP: 33/84 MP: 9/9
  7237 | D:8      | Reached skill level 11 in Fighting
  8088 | D:8      | Reached skill level 12 in Fighting
  8311 | D:8      | Noticed Erica
  8320 | D:8      | HP: 3/87 [poisoned by Erica (bolt of poison)]
  8320 | D:8      | Killed Erica
  8666 | D:9      | Reached skill level 13 in Fighting
  8701 | D:9      | Found a shadowy altar of Dithmenos.
  8901 | D:9      | Found Nusorph's Specific Store.
  8905 | D:9      | Found Peaxeus's General Store.
  9064 | D:9      | Noticed a cyclops
  9079 | D:9      | Killed a cyclops
  9080 | D:9      | Reached skill level 14 in Fighting
  9329 | D:9      | Found a staircase to the Lair.
  9855 | D:9      | Noticed Joseph
  9872 | D:9      | Killed Joseph
  9873 | D:9      | Reached XP level 11. HP: 81/99 MP: 10/10
  9927 | D:9      | Reached skill level 15 in Fighting
 10227 | D:10     | Entered Level 10 of the Dungeon
 10272 | D:10     | Reached **** piety under Hepliaklqana
 10312 | D:10     | Reached skill level 1 in Invocations
 10342 | D:10     | Noticed Maggie
 10354 | D:10     | Killed Maggie
 10365 | D:10     | Found a staircase to the Orcish Mines.
 10728 | D:10     | Reached skill level 1 in Polearms
 11040 | D:10     | Noticed a two-headed ogre
 11046 | D:10     | Killed a two-headed ogre
 11393 | D:10     | Noticed Snorg
 11403 | D:10     | Killed Snorg
 11711 | D:11     | Noticed Erolcha
 11718 | D:11     | Killed Erolcha
 11722 | D:11     | Reached skill level 5 in Polearms
 11723 | D:11     | Reached skill level 5 in Invocations
 11723 | D:11     | Noticed a centaur warrior
 11882 | D:11     | Killed a centaur warrior
 12662 | D:11     | Reached ***** piety under Hepliaklqana
 12798 | D:12     | Found Zin's Purification Station.
 12804 | D:12     | Found a glowing silver altar of Zin.
 13098 | D:12     | Reached XP level 12. HP: 79/107 MP: 15/15
 13293 | D:12     | Noticed a boulder beetle
 13321 | D:12     | Reached skill level 10 in Polearms
 13326 | D:12     | Slain by a slime creature

Illustrated notes

Levels and vault maps discovered:
D:1:      arrival_zaba_pyramid, layout_loops_corners, dreamdust_wishing_well,
          minmay_tromino_i4
D:2:      kennysheep_the_goblin_king, layout_loops_ring
D:3:      layout_loops_ring, beargit_hepliaklqana_dungeon_heroes
D:4:      corexii_shack_village, layout_cave_pods
D:5:      layout_cave_pools
D:6:      layout_basic, chequers_temple_overflow_minitemple,
          xom_confusion_cloud, biasface_ghost_orc_armoury, uniq_menkaure,
          uniq_sigmund
D:7:      layout_basic, lemuel_blue_sif_altar, minmay_temple_entry_purple_smoke,
          serial_shops, shop, minmay_misc_feat_alley
D:8:      layout_basic, enter_bailey_2, uniq_erica
D:9:      layout_cave_pools, grunt_dithmenos_shadows, erik_lair_orcish_takeover,
          minmay_holes, grunt_ministairs_7, nicolae_specific_store,
          lightli_minifort, uniq_joseph
D:10:     layout_stronghold, david_orc_3, uniq_maggie, uniq_snorg
D:11:     layout_irregular_city, minmay_checkerbox, uniq_erolcha
D:12:     layout_big_octagon, gauntlet_entry_generic,
          muffindrake_ghost_dual_entry, serial_shops, nicolae_diamond_shop,
          zin_purify, uniq_urug, uniq_lodul

Skill      XL: |  1  2  3  4  5  6  7  8  9 10 11 12 |
---------------+-------------------------------------+-----
Long Blades    | 3 4 5 6 7 9 11 14 | 14.0
Fighting       | 4 10 14 15 | 15.0
Armour         | 4 |  4.6
Invocations    | 6 |  6.0
Polearms       | 9 10 | 10.0
Shields        | |  3.6

Action                     |  1- 3 |  4- 6 |  7- 9 | 10-12 || total
---------------------------+-------+-------+-------+-------++-------
  Melee: Long sword        |   108 |   133 |   136 |    63 ||   440
         Headbutt          |    12 |    34 |    39 |    51 ||   136
         Scimitar          |       |       |       |    76 ||    76
         Lance             |       |       |       |   120 ||   120
 Invoke: Ancestor Identity |       |     1 |       |       ||     1
         Ancestor Life: Ba |       |       |     1 |       ||     1
  Evoke: Wand              |       |       |       |     9 ||     9
    Use: Potion            |       |     1 |     1 |     4 ||     6
         Scroll            |       |     5 |     1 |     7 ||    13
   Stab: Distracted        |       |     2 |     1 |     2 ||     5
 Armour: Scale mail        |    72 |   107 |   111 |   280 ||   570
  Dodge: Dodged            |    53 |    69 |    69 |   132 ||   323
  Block: Buckler           |    27 |    33 |    30 |    64 ||   154
